 Dungeon Crawl Stone Soup version 0.29.1-2-gbd0b4ee654 (webtiles) character file.

Game seed: 11298663101864649620

170 warriortoast the Conjurer (level 5, -3/28 HPs)
             Began as a Deep Elf Conjurer on Oct 25, 2022.
             Slain by Blork the orc
             ... wielding a +4 vorpal flail
              (7 damage)
             ... on level 4 of the Dungeon.
             The game lasted 00:04:32 (3513 turns).

warriortoast the Conjurer (Deep Elf Conjurer)       Turns: 3513, Time: 00:04:34

Health: -3/28      AC:  3    Str:  4    XL:     5   Next: 26%
Magic:  4/13       EV: 13    Int: 25    God:
Gold:   141        SH:  0    Dex: 13    Spells: 8/12 levels left

rFire   . . .      SeeInvis .   i - +1 dagger (freeze)
rCold   . . .      Faith    .   (no shield)
rNeg    . . .      Spirit   .   a - +0 robe
rPois   .          Reflect  .   (no helmet)
rElec   .          Harm     .   (no cloak)
rCorr   +          Rampage  .   e - +0 pair of gloves
Will    .....                   (no boots)
Stlth   ++........              (no amulet)
HPRegen 0.09/turn               m - ring of resist corrosion
MPRegen 0.13/turn               (no ring)

@: no status effects
A: no striking features
a: no special abilities


You were on level 4 of the Dungeon.
You visited 1 branch of the dungeon, and saw 4 of its levels.

You collected 141 gold pieces.

Inventory:

Hand Weapons
 i - a +1 dagger of freezing (weapon)
Armour
 a - a +0 robe (worn)
 e - a +0 pair of gloves (worn)
Jewellery
 m - a ring of resist corrosion (left hand)
Scrolls
 d - a scroll of poison {unknown}
 h - a scroll of silence {unknown}
 j - 10 scrolls of identify {unknown}
 k - a scroll of magic mapping {unknown}
 l - 3 scrolls of acquirement {unknown}
 n - 2 scrolls of immolation {unknown}
 s - a scroll of blinking {unknown}
 u - a scroll of teleportation {unknown}
 w - 3 scrolls of noise {unknown}
 x - a scroll of summoning {unknown}
Potions
 b - a potion of magic
 c - a potion of invisibility {unknown}
 f - a potion of flight {unknown}
 g - 2 potions of curing {unknown}
 o - 3 potions of mutation {unknown}
 p - a potion of haste {unknown}
 q - 2 potions of brilliance {unknown}
 r - a potion of might {unknown}
 t - a potion of heal wounds {unknown}
 v - a potion of attraction {unknown}


   Skills:
 + Level 3.7 Dodging
 + Level 3.9 Stealth
 + Level 4.3 Spellcasting
 + Level 5.1 Conjurations
 + Level 2.2 Hexes


You had 8 spell levels left.
You knew the following spells:

 Your Spells              Type           Power      Damage    Failure   Level
a - Magic Dart            Conj           100%       1d8       1%          1
b - Dazzling Flash        Conj/Hex       46%        N/A       6%          3

Your spell library contained the following spells:

 Spells                   Type           Power      Damage    Failure   Level
 Searing Ray              Conj           62%        2d6       1%          2
 Mephitic Cloud           Conj/Pois/Air  13%        N/A       13%         3
 Fulminant Prism          Conj/Hex       11%        3d9       19%         4
 Ignite Poison            Fire/Tmut/Pois 5%         N/A       26%         3
 Iskenderun's Mystic Bla  Conj/Tloc      18%        2d6       30%         4
 Freezing Cloud           Conj/Ice/Air   6%         6-21      77%         5


Dungeon Overview and Level Annotations

Branches:
Dungeon (4/15)
 Temple: D:4-7

Altars:
Nemelex Xobeh

Annotations:
D:4 Blork the orc


Message History

The magic dart hits the scorpion.
You kill the scorpion!
Your Conjurations skill increases to level 5!
Your Hexes skill increases to level 2!
You have reached level 5!
HP restored.
Blork the orc is nearby!
The magic dart hits Blork the orc!
Blork the orc is moderately wounded.
Blork the orc shouts!
The magic dart hits Blork the orc.
Blork the orc is moderately wounded.
The magic dart hits Blork the orc but does no damage.
Blork the orc is moderately wounded.
Blork the orc points at you and mumbles some strange words.
The puff of frost hits you!
The magic dart hits Blork the orc.
Blork the orc is heavily wounded.
The magic dart hits Blork the orc.
Blork the orc is heavily wounded.
You can't see any susceptible monsters within range! (Use Z to cast anyway.)
The magic dart hits Blork the orc!
Blork the orc is severely wounded.
The magic dart hits Blork the orc.
Blork the orc is severely wounded.
Blork the orc hits you with a +4 vorpal flail!
* * * LOW HITPOINT WARNING * * *
x2 You are too injured to fight recklessly!
You are too injured to fight recklessly!
You are too injured to fight recklessly!
You are too injured to fight recklessly!
Casting: Magic Dart (safe; 1% risk of failure)
Confirm with . or Enter, or press ? or * to list all spells.
Aiming: Magic Dart (safe; 1% risk of failure)
Press: ? - help, Shift-Dir - straight line, f/p - Blork the orc
Aim: Blork the orc, wielding a +4 vorpal flail and wearing a +1 robe of willpower (severely wounded, 100% to hit)
The magic dart hits Blork the orc.
Blork the orc is almost dead.
Blork the orc hits you with a +4 vorpal flail!
You die...

###'###.......#......####
###...'.................#
.....##......#..).......#
.....##......#.......(..#
.....##.................#
.....######...##..####...#
.....# #...###..# ..#
.....# #.....o#.# .#
.....# #.....@#..# ..
.....# ###....##.# ..
###.. #....# .# . #....#
.# # #....# .. # ###### .
# # #


You could see Blork the orc.

Vanquished Creatures
  A scorpion (D:4)
  A gnoll (D:4)
  3 adders
  A worm (D:3)
  3 dart slugs
  4 orcs (D:3)
  5 endoplasms
  2 giant cockroaches
  4 hobgoblins
  3 jackals
  5 kobolds
  3 quokkas
  3 ball pythons
  8 bats
  5 frilled lizards
  7 goblins
  4 rats
62 creatures vanquished.

Notes
Turn   | Place    | Note
-------+----------+-------------------------------------------
     0 | D:1      | warriortoast the Deep Elf Conjurer began the quest for the
                  | Orb.
     0 | D:1      | Reached XP level 1. HP: 10/10 MP: 6/6
   252 | D:1      | Reached XP level 2. HP: 15/15 MP: 5/8
   793 | D:1      | Reached XP level 3. HP: 19/19 MP: 6/10
   797 | D:1      | Learned a level 3 spell: Dazzling Flash
  2328 | D:3      | Reached skill level 1 in Hexes
  2486 | D:3      | Reached XP level 4. HP: 24/24 MP: 7/11
  3034 | D:4      | Noticed a scorpion
  3373 | D:4      | Found a sparkling altar of Nemelex Xobeh.
  3441 | D:4      | Noticed Blork the orc
  3483 | D:4      | Killed a scorpion
  3484 | D:4      | Reached skill level 5 in Conjurations
  3484 | D:4      | Reached XP level 5. HP: 26/28 MP: 8/13
  3513 | D:4      | Slain by Blork the orc

Illustrated notes

Levels and vault maps discovered:
D:1:      dpeg_arrival_rhombus, layout_loops_ring, minmay_box_of_dots
D:2:      minmay_chambers_of_twos, layout_basic, minmay_misc_feat_encased,
          minivault_14
D:3:      layout_basic
D:4:      black_bear_nest_1, layout_basic, nemelex_xobeh_ov_fountains_minmay,
          uniq_blork_the_orc

Skill      XL: |  1  2  3  4 |
---------------+-------------+-----
Stealth        | 3 |  3.9
Dodging        | 3 |  3.7
Hexes          | 1 2 |  2.2
Spellcasting   | 4 |  4.3
Conjurations   | 5 |  5.1

Action                   |  1- 3 |  4- 6 || total
-------------------------+-------+-------++-------
 Cast: Magic Dart        |    89 |    49 ||   138
Armor: Robe              |     2 |     2 ||     4
Dodge: Dodged            |     6 |     5 ||    11
